 Dungeon Crawl Stone Soup version 0.25.1-8-g42b30a86e7 (webtiles) character file.

Game seed: 5446041907890220160

73 Destapler the Insei (level 4, -1/39 HPs)
             Began as a Naga Transmuter on Dec 14, 2020.
             Slain by a gnoll
             ... wielding a +0 club
              (5 damage)
             ... on level 1 of the Dungeon.
             The game lasted 00:13:03 (2529 turns).

Destapler the Insei (Naga Transmuter)               Turns: 2529, Time: 00:13:04

Health: -1/39      AC:  2    Str: 12    XL:     4   Next: 27%
Magic:  6/7        EV: 10    Int: 13    God:
Gold:   136        SH:  0    Dex: 13    Spells: 1/7 levels left

rFire    . . .     SeeInvis +     - Unarmed
rCold    . . .     Gourm    .   (no shield)
rNeg     . . .     Faith    .   b - +0 robe
rPois    +         Spirit   .   (no helmet)
rElec    .         Reflect  .   (no cloak)
rCorr    .         Harm     .   (no gloves)
MR       .....                  (no barding)
Stlth    ++........             (no amulet)
HPRegen  0.13/turn              (no ring)
MPRegen  0.10/turn              (no ring)

@: short of breath, appendage, very slow
A: large, horns 2, see invisible, deformed body, poison resistance, slowness 2,
slow metabolism 1, spit poison 1, AC +1
a: Spit Poison, End Transformation


You were on level 1 of the Dungeon.
You were not hungry.
You had grown temporary horns.
You visited 1 branch of the dungeon, and saw 2 of its levels.

You collected 136 gold pieces.

Inventory:

Missiles
 a - 12 arrows
 e - 4 datura-tipped darts (quivered)
Armour
 b - a +0 robe (worn)
Scrolls
 c - 3 scrolls of teleportation {unknown}
 g - 2 scrolls of enchant armour {unknown}
 i - a scroll of fog {unknown}
 j - a scroll of remove curse {unknown}
Potions
 f - a potion of curing {unknown}
 h - a potion of brilliance {unknown}
Comestibles
 d - 2 rations


   Skills:
 + Level 1.7 Fighting
 - Level 2.0 Dodging
 + Level 1.8 Stealth
 + Level 3.4 Unarmed Combat
 + Level 2.3 Spellcasting
 + Level 2.5 Transmutations
 * Level 1.2 Poison Magic


You had one spell level left.
You knew the following spells:

 Your Spells              Type           Power        Failure   Level  Hunger
a - Beastly Appendage     Tmut           #.....       9%          1    #......
b - Spider Form           Tmut/Pois      #.........   34%         3    ###....
c - Sticks to Snakes      Tmut           #.......     13%         2    ###....

Your spell library contained the following spells:

 Spells                   Type           Power        Failure   Level  Hunger
 Ice Form                 Ice/Tmut       #.......     82%         4    #####..
 Blade Hands              Tmut           #.........   94%         5    ######.


Dungeon Overview and Level Annotations

Branches:
Dungeon (2/15)

Altars:


Innate Abilities, Weirdness & Mutations

You cannot wear boots.
Your serpentine skin is tough. (AC +1)
You have supernaturally acute eyesight. (SInv)
Armour fits poorly on your strangely shaped body.
Your system is resistant to poisons. (rPois)
You cover ground very slowly.
You have a slow metabolism.
You can spit poison.
You have a pair of horns on your head.


Message History

You fail to extend your transformation any further.
The gnoll hits you with a +0 whip. The gnoll hits you with a +0 club.
* * * LOW HITPOINT WARNING * * *
Press: ? - help, Shift-Dir - straight line, f - gnoll
Aim: a gnoll, wielding a +0 whip The splash of poison hits the gnoll!
The gnoll is heavily wounded.
You feel slightly more hungry. The gnoll hits you with a +0 whip.
* * * LOW HITPOINT WARNING * * *
Number of times to repeat, then command key: You must enter the number of times for the command to repeat.
You barely miss the gnoll.
The gnoll is heavily wounded.
The gnoll hits you with a +0 club.
* * * LOW HITPOINT WARNING * * *
The gnoll barely misses you.
You closely miss the gnoll.
The gnoll is heavily wounded.
The gnoll hits you with a +0 club.
You die...

## .# .# .# #######
## #.....# #.....#
#########.....#####
.....)............#
#########.......@^#
#......g.g#
######....#
##....### #..####
#.## ####.#
##....####
#######..###...#


You could see 2 gnolls.

Vanquished Creatures
  An adder (D:2)
  A worm (D:2)
  3 dart slugs
  2 leopard geckos
  A ball python (D:2)
  4 bats (D:1)
  4 giant cockroaches
  8 goblins
  7 hobgoblins
  3 jackals (D:1)
  4 kobolds
  A quokka (D:2)
  5 frilled lizards
  4 rats
48 creatures vanquished.

Notes
Turn   | Place    | Note
-------+----------+-------------------------------------------
     0 | D:1      | Destapler the Naga Transmuter began the quest for the Orb.
     0 | D:1      | Reached XP level 1. HP: 18/18 MP: 3/3
   339 | D:1      | Reached XP level 2. HP: 24/25 MP: 3/5
   428 | D:1      | Reached skill level 1 in Stealth
   870 | D:1      | Reached XP level 3. HP: 16/31 MP: 4/6
  1313 | D:1      | Learned a level 3 spell: Spider Form
  1705 | D:2      | Learned a level 2 spell: Sticks to Snakes
  2015 | D:2      | HP: 1/32 [adder (4)]
  2031 | D:2      | Reached skill level 1 in Poison Magic
  2031 | D:2      | Reached XP level 4. HP: 14/39 MP: 5/7
  2529 | D:1      | Slain by a gnoll

Illustrated notes

Levels and vault maps discovered:
D:1:      lemuel_arrival_behind_the_door_small, layout_rooms
D:2:      layout_basic, yredelemnul_forgotten_temple_becter,
          lemuel_doored_altar, nrook_uturn

Skill      XL: |  1  2  3 |
---------------+----------+-----
Stealth        | 1 |  1.8
Dodging        | 2 |  2.0
Poison Magic   | 1 |  1.2
Fighting       | |  1.7
Unarmed Combat | |  3.4
Spellcasting   | |  2.3
Transmutations | |  2.5

Action                   |  1- 3 |  4- 6 || total
-------------------------+-------+-------++-------
Melee: Unarmed           |   171 |    14 ||   185
       Headbutt          |    17 |     2 ||    19
       Punch             |     4 |       ||     4
 Cast: Beastly Appendage |    24 |     7 ||    31
 Abil: Spit Poison       |     1 |     2 ||     3
  Use: Potion            |     1 |       ||     1
 Stab: Sleeping          |     2 |     1 ||     3
  Eat: Chunk             |     2 |     2 ||     4
Armor: Robe              |    17 |     2 ||    19
Dodge: Dodged            |   118 |     9 ||   127
